[Event "MČR juniorů a juniorek v rapid šachu 2024"]
[Site "Hotel Fit Fun, Harrachov, Czech Republic"]
[Date "2024.09.22"]
[Round "8.15"]
[White "Stejskal Michal"]
[Black "Dobsa Emma"]
[Result "1-0"]
[TimeControl "20+5"]
[WhiteFideId "398195"]
[BlackFideId "23709391"]
[WhiteElo "1926"]
[BlackElo "1830"]

1. e4 e5 2. Nf3 Nc6 3. c3 d5 4.
Qa4 Qd6 5. exd5 Qxd5 6. Bb5 Bd7 7. O-O a6 8. Bxc6 Bxc6 9. Qg4 Nf6 10. Qg3 e4 11. Qe5+ Be7 12. Re1 O-O 13. Qxd5 Bxd5 14.
Nd4 Bc5 15. Nc2 Rfe8 16. Ne3 Bc6 17.
b4 Ba7 18. Bb2 Nh5 19. g3 Nf6 20. c4 Nd7 21. a4 Ne5 22. Bxe5 Rxe5 23. b5 Bd4 24. Nc3 axb5 25. axb5 Rxa1 26.
Rxa1 Bxc3 27. dxc3 Bd7 28. Ra7 Bc8 29. Ra8 Re8 30. Nd5 Bd7 31. Rxe8+ Bxe8 32. Nxc7 Bd7 33. c5 Kf8 34. Kf1 Ke7 35.
Ke2 Kd8 36. b6 Ke7 37. Ke3 f5 38. Kf4 g6 39. Nd5+ Ke6 40. Nb4 h6 41. h4 Bb5 42. c6 Bxc6 43. Nxc6 Kd6 44. Nd4 Kc5 45.
h5 gxh5 46. Nxf5 Kxb6 47. Kxe4 Kc5 48. Ne3 Kd6 49. f4 Ke6 50.
f5+ Kf6 51. Kf4 b5 52. Nd5+ Kf7 53. Ke5 h4 54. gxh4 h5 55. f6 Ke8 56. Ke6 Kf8 57.
f7 1-0



[ePGN "0.1;DGT LiveChess/2.2.6"]

[Event "MČR juniorů a juniorek v rapid šachu 2024"]
[Site "Hotel Fit Fun, Harrachov, Czech Republic"]
[Date "2024.09.22"]
[Round "8.16"]
[White "Bartak Josef"]
[Black "Jun Robert"]
[Result "1-0"]
[TimeControl "20+5"]
[WhiteFideId "23712252"]
[BlackFideId "23709510"]
[WhiteElo "1902"]
[BlackElo "1681"]

1. e4 c5 2. Nc3 d6 3. g3 e6 4. Bg2 Nf6 5.
d3 Be7 6. f4 a6 7. Nf3 Nc6 8. O-O b5 9. e5 dxe5 10. Nxe5 Nxe5 11. Bxa8 Qd4+ 12. Kg2 Ned7 13. Re1 O-O 14.
Be3 Qd6 15. d4 Nd5 16. Nxd5 exd5 17. dxc5 Nxc5 18. Qxd5 Qxd5+ 19. Bxd5 Rd8 20. Rad1 Rxd5 21. Rxd5 Bb7 22. Red1 g6 23.
Kg1 Bxd5 24. Rxd5 Ne6 25. g4 Bf6 26. c3 Kg7 27. Kg2 h6 28. Kf3 Be7 29. f5 gxf5 30. gxf5 Nd8 31. Rd7 Bf6 32.
Bd4 Bxd4 33. cxd4 Nc6 34. Rd6 Nb4 35. a3 Nd3 36. b4 Ne1+ 37. Ke4 Nc2 38. Rxa6 Na1 39. Rc6 Nb3 1-0



[ePGN "0.1;DGT LiveChess/2.2.6"]

[Event "MČR juniorů a juniorek v rapid šachu 2024"]
[Site "Hotel Fit Fun, Harrachov, Czech Republic"]
[Date "2024.09.22"]
[Round "8.17"]
[White "Zadrapova Amalie"]
[Black "Sulcova Tereza Radmila"]
[Result "0-1"]
[TimeControl "20+5"]
[WhiteFideId "23710276"]
[BlackFideId "395196"]
[WhiteElo "1891"]
[BlackElo "1800"]

1. e4 e6 2. d4 d5 3.
Nd2 Nf6 4. e5 Nfd7 5. Bd3 c5 6. c3 Nc6 7.
Ne2 Qb6 8. Nf3 Be7 9. O-O O-O 10. Bb1 Re8 11. Qc2 Nf8 12. Bg5 Bd7 13. Bxe7 Nxe7 14. Ng3 Rac8 15. dxc5 Qxc5 16. Ng5 Neg6 17.
Kh1 d4 18. N5e4 Qxe5 19. cxd4 Rxc2 20. dxe5 Rxb2 21. Nd6 Re7 22. f4 Bc6 23. Be4 Nh4 24. Rg1 Nfg6 25. Rad1 Rxa2 26. Bxc6 bxc6 27.
Nh5 a5 28. Nc4 Re8 29. Nd6 Ra8 30. Rc1 Ra6 31. Nb7 a4 32. Nc5 Ra8 33. Rb1 a3 34. h3 Rc2 35. Nb7 a2 36. Ra1 Rb8 37. Nd6 Rbb2 38. Ne4 Nxg2 39.
Neg3 N2xf4 40. Nf1 Nxh5 0-1



[ePGN "0.1;DGT LiveChess/2.2.6"]

[Event "MČR juniorů a juniorek v rapid šachu 2024"]
[Site "Hotel Fit Fun, Harrachov, Czech Republic"]
[Date "2024.09.22"]
[Round "8.18"]
[White "Koranda Kosma"]
[Black "Mrazek Adam"]
[Result "0-1"]
[TimeControl "20+5"]
[WhiteFideId "23772948"]
[BlackFideId "23725010"]
[WhiteElo "1884"]
[BlackElo "1830"]

1. e4 c5 2. Nf3 Nc6 3.
Bb5 e6 4. Bxc6 bxc6 5. e5 Be7 6. d3 f6 7.
O-O fxe5 8. Nxe5 Nf6 9. Bg5 O-O 10. Nc3 Qc7 11. Qe2 d6 12. Nf3 e5 13. Rae1 Rb8 14. b3 Bg4 15. Kh1 Qa5 16.
Bd2 Qc7 17. a4 Nh5 18. Rg1 Nf4 19. Bxf4 Rxf4 20. Ne4 Rbf8 21. Ned2 Qd7 22. Qe3 Qe6 23. d4 cxd4 24. Qd3 Qh6 25.
Qc4+ d5 26. Qf1 e4 27. Ne5 Bd6 28. Nxg4 Rxg4 29. h3 Rgf4 30. f3 e3 31. Nb1 R4f5 32. Na3 Qf4 33. g3 Qxf3+ 34. Qxf3 Rxf3 35. Nb1 Bb4 36. Rd1 c5 37. c3 dxc3 38. Rxd5 c2 39. Rd3 cxb1=Q 40. Rxb1 e2 41. Rxf3 Rxf3 42.
Kg2 Re3 43. Kf2 e1=Q+ 44. Rxe1 Rxe1 0-1



[ePGN "0.1;DGT LiveChess/2.2.6"]

[Event "MČR juniorů a juniorek v rapid šachu 2024"]
[Site "Hotel Fit Fun, Harrachov, Czech Republic"]
[Date "2024.09.22"]
[Round "8.19"]
[White "Siles Jan"]
[Black "Hrazdira Matyas Josef"]
[Result "1-0"]
[TimeControl "20+5"]
[WhiteFideId "23715405"]
[BlackFideId "23732954"]
[WhiteElo "1873"]
[BlackElo "1786"]

1. d4 Nf6 2. Nf3 e6 3. e3 c5 4.
c3 Be7 5. Bd3 d5 6. Nbd2 Nbd7 7. O-O Qc7 8. Re1 O-O 9. e4 dxe4 10. Nxe4 Nxe4 11. Rxe4 Nf6 12. Rh4 g6 13. Bf4 Qb6 14. Qd2 Nd5 15.
Bg5 f6 16. Bh6 Rf7 17. Re1 Bd7 18. Qc2 f5 19. Rh3 Bf6 20. Ne5 Bxe5 21. dxe5 Rc8 22. Bc4 Bc6 23. Bg5 Qa5 24. Rh4 b5 25. Bxd5 Bxd5 26. b3 c4 27.
b4 Qb6 28. Re3 Rd7 29. Qc1 Be4 30.
Reh3 Qb7 31. f3 Bd5 32. Bf6 Rf7 33. Qh6 Rcc7 34. Qxg6+ Kf8 35. Qg5 Bc6 36. Rd4 Rcd7 37. Rhh4 Bd5 38. Rh3 Bc6 39. Rg3 Ke8 40. Qg8+ Rf8 41.
Qxe6+ Re7 42. Bxe7 Qxe7 43. Qxc6+ 1-0



[ePGN "0.1;DGT LiveChess/2.2.6"]

[Event "MČR juniorů a juniorek v rapid šachu 2024"]
[Site "Hotel Fit Fun, Harrachov, Czech Republic"]
[Date "2024.09.22"]
[Round "8.2"]
[White "Hak David"]
[Black "Mikolas Petr"]
[Result "1-0"]
[TimeControl "20+5"]
[WhiteFideId "377007"]
[BlackFideId "23713224"]
[WhiteElo "2103"]
[BlackElo "1892"]

1. d4 Nf6 2. c4 e6 3. Nc3 Bb4 4. e3 O-O 5. Nge2 c5 6. a3 Bxc3+ 7. Nxc3 cxd4 8. exd4 d5 9. c5 Nc6 10. Be2 e5 11. dxe5 Nxe5 12.
Bf4 Re8 13. O-O a6 14. Re1 Nc6 15. Bf3 Rxe1+ 16. Qxe1 Be6 17. Rd1 Qa5 18. Bd6 Re8 19. Qd2 h6 20. h3 Ne7 21. Bxe7 Rxe7 22. Nxd5 Qxd2 23. Nxe7+ Kf8 24.
Rxd2 Kxe7 25. Bxb7 1-0



[ePGN "0.1;DGT LiveChess/2.2.6"]

[Event "MČR juniorů a juniorek v rapid šachu 2024"]
[Site "Hotel Fit Fun, Harrachov, Czech Republic"]
[Date "2024.09.22"]
[Round "8.20"]
[White "Nespora Tatana"]
[Black "Hosova Sandra"]
[Result "0-1"]
[TimeControl "20+5"]
[WhiteFideId "392286"]
[BlackFideId "397717"]
[WhiteElo "1697"]
[BlackElo "1847"]

1. e4 c5 2. Nf3 Nc6 3. d4 cxd4 4. Nxd4 g6 5. Nc3 Bg7 6. Be3 Nf6 7. f3 d5 8. Nxc6 bxc6 9. e5 Nd7 10.
f4 O-O 11. Be2 Nb6 12. O-O Qc7 13. a4 a5 14. Qd4 Nd7 15. Qd2 Bb7 16. Bg4 Nb6 17. Be2 Rfd8 18. Bf2 d4 19. Ne4 c5 20.
Bf3 Nc4 21. Qc1 Rab8 22. b3 Nb6 23. Bg3 Nd5 24. Ng5 Ne3 25. Qd2 Nxf1 26. Rxf1 Bxf3 27. Rxf3 c4 28. bxc4 Qxc4 29. Rf1 Rb2 30.
Qxa5 Rdb8 31. Qa7 Qxc2 32. Bf2 Rb1 33. Qxd4 Rxf1+ 34. Kxf1 Qc1+ 35. Be1 Rb1 36. Qf2 Bf8 37. Nf3 e6 38.
Nd2 Ra1 39. Nf3 Qc4+ 40. Qe2 Qxf4 41. Kf2 Bc5+ 42. Kf1 g5 43. Qd2 Qc4+ 44. Qe2 Qxa4 45. Qd2 Qb5+ 46. Qe2 Qc6 47. Qd2 Qb6 48.
Qxg5+ Kf8 49. Qd8+ Qxd8 0-1



[ePGN "0.1;DGT LiveChess/2.2.6"]

[Event "MČR juniorů a juniorek v rapid šachu 2024"]
[Site "Hotel Fit Fun, Harrachov, Czech Republic"]
[Date "2024.09.22"]
[Round "8.21"]
[White "Martinkovic Adam"]
[Black "Budil Vaclav"]
[Result "1/2-1/2"]
[TimeControl "20+5"]
[WhiteFideId "23728019"]
[BlackFideId "23776226"]
[WhiteElo "1841"]
[BlackElo "1697"]

1. d4 c5 2. Nf3 cxd4 3. Nxd4 d5 4. c4 dxc4 5. Qa4+ Bd7 6. Qxc4 g6 7. Nc3 Bg7 8. Bf4 Na6 9. Be3 Rc8 10.
Qb3 Nc5 11. Qb4 a5 12. Qc4 Ne6 13. Qd3 Nf6 14. Rd1 O-O 15. Nxe6 Bxe6 16. Qxd8 Rfxd8 17. Rxd8+ Rxd8 18. Bc5 Nd5 19.
Nd1 Nb4 20. Bxb4 axb4 21. e3 Bxa2 22. Be2 Bb3 23. O-O Rd2 24. Bf3 Be5 25. g3 Kg7 26. Kg2 h5 27. h3 Kf6 28. g4 hxg4 29.
Bxg4 Bxd1 30. Rxd1 Rxd1 31. Bxd1 Bxb2 32. Kf3 Ke5 33. Bb3 f6 34. h4 Kd6 35. Ke4 Bc3 36. Bf7 Be1 37. Kf3 Ke5 38. Ke2 Bc3 39. Bxg6 f5 40. Kd3 Kf6 41. Be8 Be1 42.
Ke2 Bc3 43. Kd3 Kg7 44. f3 Bf6 45. h5 Bc3 46. Kc4 Bd2 47. e4 fxe4 48. fxe4 Kf6 49. Bg6 Ke5 50. Kb3 b6 51. Bf5 Kd4 52. Bg6 1/2-1/2



[ePGN "0.1;DGT LiveChess/2.2.6"]

[Event "MČR juniorů a juniorek v rapid šachu 2024"]
[Site "Hotel Fit Fun, Harrachov, Czech Republic"]
[Date "2024.09.22"]
[Round "8.22"]
[White "Housa Jan"]
[Black "Sknouril Jakub"]
[Result "0-1"]
[TimeControl "20+5"]
[WhiteFideId "23736356"]
[BlackFideId "23731133"]
[WhiteElo "1788"]
[BlackElo "1806"]

1. d4 Nf6 2. Bg5 b6 3. Nf3 Bb7 4. Bxf6 exf6 5. c4 Bb4+ 6. Nc3 O-O 7. e3 d5 8. Qc2 Qe7 9. O-O-O Bxc3 10.
Qxc3 c5 11. Kb1 cxd4 12. Rxd4 dxc4 13. Bxc4 Nc6 14. Rh4 Ne5 15. Bd3 Nxd3 16. Qxd3 g6 17. Rd1 Rfd8 18. Rd4 Be4 19. Qxe4 Qxe4+ 20. Rxe4 Rxd1+ 21. Kc2 Rf1 22. Kd3 Rxf2 23. Rd4 Rxb2 24.
a4 Rxg2 0-1



[ePGN "0.1;DGT LiveChess/2.2.6"]

[Event "MČR juniorů a juniorek v rapid šachu 2024"]
[Site "Hotel Fit Fun, Harrachov, Czech Republic"]
[Date "2024.09.22"]
[Round "8.23"]
[White "Husa Daniel"]
[Black "Vratil Tomas"]
[Result "1-0"]
[TimeControl "20+5"]
[WhiteFideId "393487"]
[BlackFideId "23756870"]
[WhiteElo "1866"]
[BlackElo "1671"]

1. d4 f5 2. c4 Nf6 3. Nc3 g6 4. h4 Bg7 5. h5 Nxh5 6. e4 O-O 7. exf5 Rxf5 8. g4 Rf7 9. gxh5 gxh5 10.
Qxh5 Bxd4 11. Qg4+ Bg7 12. Bd3 d6 13. Qh5 e5 14. Bxh7+ Kf8 15. Bg6 Rf6 16. Ne4 Nc6 17. Nxf6 Qxf6 18.
Bg5 Qe6 19. Qf3+ Kg8 20. Bh7+ 1-0



[ePGN "0.1;DGT LiveChess/2.2.6"]

[Event "MČR juniorů a juniorek v rapid šachu 2024"]
[Site "Hotel Fit Fun, Harrachov, Czech Republic"]
[Date "2024.09.22"]
[Round "8.24"]
[White "Nespurek Jakub"]
[Black "Slivova Linda"]
[Result "1-0"]
[TimeControl "20+5"]
[WhiteFideId "391816"]
[BlackFideId "23709294"]
[WhiteElo "1817"]
[BlackElo "1630"]

1. e4 d5 2. exd5 Qxd5 3. d4 Nf6 4. c4 Qd8 5. Nc3 c6 6. Nf3 Bg4 7. Be2 e6 8. O-O Bd6 9. Bg5 Nbd7 10. Ne4 Be7 11. Nxf6+ Nxf6 12.
Qb3 b6 13. Qa4 Qc7 14. d5 exd5 15. cxd5 Bd7 16. Bxf6 Bxf6 17. Qe4+ Kf8 18. dxc6 Bxc6 19. Qc4 Qb7 20. Rac1 Bd5 21.
Qf4 Bd8 22. Rfd1 Be6 23. Bb5 Qe7 24. Ne5 g6 25. Nc6 Qf6 26. Qd6+ Kg7 27. Nd4 Be7 28. Nxe6+ Qxe6 29. Qxe6 fxe6 30.
Rd7 Kf6 31. Rc3 e5 32. Rc6+ Kf7 33. Bc4+ Ke8 34. Rcc7 Bd8 35. Rxa7 Rxa7 36. Rxa7 h6 37. Kf1 Rf8 38. Bb5# 1-0



[ePGN "0.1;DGT LiveChess/2.2.6"]

[Event "MČR juniorů a juniorek v rapid šachu 2024"]
[Site "Hotel Fit Fun, Harrachov, Czech Republic"]
[Date "2024.09.22"]
[Round "8.25"]
[White "Pes Matej"]
[Black "Stastna Martina"]
[Result "0-1"]
[TimeControl "20+5"]
[WhiteFideId "23766816"]
[BlackFideId "385123"]
[WhiteElo "1697"]
[BlackElo "1801"]

1. e4 e5 2. f4 d5 3. exd5 exf4 4. Nf3 Nf6 5. Bc4 Nxd5 6. O-O Be7 7. d4 O-O 8. Bxd5 Qxd5 9. Bxf4 Bd6 10.
Nc3 Qc6 11. Ne5 Bxe5 12. Bxe5 Nd7 13. d5 Qb6+ 14. Bd4 Qg6 15. Rf3 Nf6 16. Rg3 Qh6 17. Ne4 Nxe4 18. Rxg7+ Qxg7 19. Bxg7 Kxg7 20.
Qd4+ f6 21. Qxe4 Bd7 22. Rf1 Rf7 23. c4 Re8 24. Qf4 Re5 25. Kf2 Rf5 0-1



[ePGN "0.1;DGT LiveChess/2.2.6"]

[Event "MČR juniorů a juniorek v rapid šachu 2024"]
[Site "Hotel Fit Fun, Harrachov, Czech Republic"]
[Date "2024.09.22"]
[Round "8.26"]
[White "Stara Zuzana"]
[Black "Krizan Jakub"]
[Result "1-0"]
[TimeControl "20+5"]
[WhiteFideId "23733543"]
[BlackFideId "23717017"]
[WhiteElo "1796"]
[BlackElo "1000"]

1. e4 c5 2. Nf3 Nc6 3. Bb5 e6 4.
Bxc6 bxc6 5. O-O d5 6. d3 Bd6 7.
Qe2 Ne7 8. Bg5 O-O 9. Nbd2 Ba6 10.
c4 f6 11. Bh4 Rb8 12. b3 Re8 13. e5 fxe5 14. Nxe5 Qc7 15. Ndf3 Nf5 16. Bg3 Rf8 17. Rfe1 Rbe8 18. Qd2 Nxg3 19.
hxg3 Rf5 20. Ng4 Ref8 21. Qe3 Bc8 22. Re2 h5 23. Nge5 h4 24. gxh4 d4 25. Qe4 Bb7 26. Ng4 Bc8 27.
Nge5 R8f6 28. Qxc6 Bxe5 29. Nxe5 Qxc6 30. Nxc6 1-0



[ePGN "0.1;DGT LiveChess/2.2.6"]

[Event "MČR juniorů a juniorek v rapid šachu 2024"]
[Site "Hotel Fit Fun, Harrachov, Czech Republic"]
[Date "2024.09.22"]
[Round "8.27"]
[White "Dorazilova Kristyna"]
[Black "Lebeda Frantisek Jiri"]
[Result "1-0"]
[TimeControl "20+5"]
[WhiteFideId "23739142"]
[WhiteElo "1771"]
[BlackElo "1000"]

1. e4 c5 2. Nc3 d6 3. Bb5+ Bd7 4. Bxd7+ Nxd7 5. f4 g6 6. Nf3 Bg7 7. O-O a6 8. d3 Qc7 9. Qe1 e6 10.
Kh1 Ne7 11. Qh4 Nf6 12. Bd2 O-O-O 13. a4 b6 14. Ne2 h5 15. Rab1 e5 16. b4 Kb7 17. bxc5 Qxc5 18. c4 Nc6 19.
Nc3 Ng4 20. Nd5 Ka7 21. Rxb6 Rb8 22. a5 f6 23. h3 Nh6 24. Rfb1 Nxa5 25. Be3 Qxe3 26. Nxe3 Rxb6 27. Rxb6 Kxb6 28. Nd5+ Kb7 29. Qf2 Kc8 30. Qb6 1-0



[ePGN "0.1;DGT LiveChess/2.2.6"]

[Event "MČR juniorů a juniorek v rapid šachu 2024"]
[Site "Hotel Fit Fun, Harrachov, Czech Republic"]
[Date "2024.09.22"]
[Round "8.28"]
[White "Marxova Sarka"]
[Black "Fousek Petr"]
[Result "1/2-1/2"]
[TimeControl "20+5"]
[WhiteFideId "23701862"]
[BlackFideId "23736003"]
[WhiteElo "1684"]
[BlackElo "1731"]

1. e4 c5 2. Nf3 e6 3. d4 cxd4 4. Nxd4 a6 5. c4 d6 6. Nc3 Nf6 7. Be2 Be7 8. O-O O-O 9. b3 Bd7 10. Bb2 Nc6 11. Qd2 Qb6 12.
Rad1 Rac8 13. Kh1 Nxd4 14. Qxd4 Qxd4 15. Rxd4 Bc6 16. Bf3 Rfd8 17. Rfd1 g5 18. h3 h5 19. g4 hxg4 20. hxg4 Nd7 21.
Kg2 Bf6 22. Rxd6 Ne5 23. Rxd8+ Rxd8 24. Rxd8+ Bxd8 25. Ne2 Nd3 26. Bd4 e5 27. Be3 f6 28. Nc3 Ba5 29. Nd5 Kf7 30. Bd1 Ke6 31. f3 b5 32. cxb5 axb5 33.
Be2 Ne1+ 34. Kf2 Nc2 35. Bc5 Bxd5 36. exd5+ Kxd5 37. Ba7 b4 38. Bc4+ Kc6 39. Ke2 Bb6 40. Bxb6 Kxb6 41. Kd3 Nd4 42. Ke4 Kc5 43. Ke3 Kd6 44.
Ke4 Kc5 1/2-1/2



[ePGN "0.1;DGT LiveChess/2.2.6"]

[Event "MČR juniorů a juniorek v rapid šachu 2024"]
[Site "Hotel Fit Fun, Harrachov, Czech Republic"]
[Date "2024.09.22"]
[Round "8.29"]
[White "Hyam Robin"]
[Black "Pejrimovsky Tadeas Rubel"]
[Result "1/2-1/2"]
[TimeControl "20+5"]
[WhiteFideId "23773413"]
[BlackFideId "23709537"]
[WhiteElo "1571"]
[BlackElo "1895"]

1. e4 c5 2. b3 e6 3. Bb2 d6 4. Bb5+ Nd7 5. d3 a6 6. Bxd7+ Bxd7 7. f4 Nf6 8. Nd2 Be7 9. g4 h6 10.
Qf3 Qc7 11. Ne2 Bc6 12. O-O-O O-O-O 13. h4 Rhg8 14. g5 Nd7 15. gxh6 gxh6 16. Qh5 Rg6 17. Rhg1 Rdg8 18. Rxg6 Rxg6 19.
Rg1 Nf8 20. Rxg6 Nxg6 21. Nf3 Bf8 22. f5 exf5 23. Qxf5+ Kb8 24. h5 Ne5 25. Nxe5 dxe5 26. Bxe5 Bd6 27. Bxd6 Qxd6 28. Qxf7 Ka7 29. Qf4 Qe6 30. Qf5 Qe7 31. Nc3 b6 32. Nd5 Qg7 33. Qf6 Qg1+ 34.
Kb2 Bxd5 35. exd5 Qe3 36. Qf7+ Kb8 37. Qf8+ Kc7 38. d6+ Kc6 39. Qf6 Qd4+ 40. Qxd4 cxd4 41. a4 Kxd6 42. b4 Ke5 43.
b5 axb5 44. axb5 Kd5 45. Kb3 Kc5 46. Ka4 Kd6 47. Kb4 Kd5 48. c3 dxc3 49. Kxc3 Kc5 50. Kd2 Kxb5 51. Kc3 Kc5 52. d4+ Kd5 1/2-1/2



[ePGN "0.1;DGT LiveChess/2.2.6"]

[Event "MČR juniorů a juniorek v rapid šachu 2024"]
[Site "Hotel Fit Fun, Harrachov, Czech Republic"]
[Date "2024.09.22"]
[Round "8.3"]
[White "Rybackova Lucie"]
[Black "Stocek Martin"]
[Result "1-0"]
[TimeControl "20+5"]
[WhiteFideId "23739207"]
[BlackFideId "380121"]
[WhiteElo "1933"]
[BlackElo "2021"]

1. d4 Nf6 2. Nf3 d5 3. g3 c5 4. Bg2 Bf5 5. O-O e6 6. c4 Nc6 7. cxd5 exd5 8. Nc3 Be7 9. dxc5 Bxc5 10.
Na4 Be7 11. Be3 O-O 12. Rc1 Be4 13. Nc5 Bxc5 14. Bxc5 Re8 15. e3 Na5 16. b3 b6 17. Bd4 Nb7 18. Qd2 Qe7 19. Rc3 Nc5 20. Rfc1 Ne6 21. Qd1 Rad8 22.
Ne5 Nxd4 23. exd4 Qa3 24. Rc7 Bxg2 25. Kxg2 Qxa2 26. Ra1 Qb2 27. Raxa7 Rf8 28. Nxf7 Rde8 29. Ne5 Nd7 30. Rc2 Qxb3 31.
Rxd7 Rc8 32. Qg4 g6 33. Rxc8 Rxc8 34. Qe6+ Kh8 35. Rxh7+ Kxh7 36. Qxg6+ Kh8 37. Nf7# 1-0



[ePGN "0.1;DGT LiveChess/2.2.6"]

[Event "MČR juniorů a juniorek v rapid šachu 2024"]
[Site "Hotel Fit Fun, Harrachov, Czech Republic"]
[Date "2024.09.22"]
[Round "8.30"]
[White "Plzak David"]
[Black "Hudik Martin"]
[Result "1-0"]
[TimeControl "20+5"]
[WhiteFideId "23776234"]
[BlackFideId "23769947"]
[WhiteElo "1625"]
[BlackElo "1572"]

1. e4 c5 2. Nf3 d6 3. d4 cxd4 4. Nxd4 Nf6 5. f3 e6 6. c4 Be7 7. Nc3 O-O 8. Be3 a6 9. Be2 Nc6 10. O-O Re8 11. Qd2 Bd7 12. Rac1 Rc8 13.
Rfd1 Ne5 14. b3 Bf8 15. Nc2 Ng6 16. Bd3 Bc6 17. Nd4 d5 18. exd5 exd5 19. Bxg6 hxg6 20. Nxc6 bxc6 21. cxd5 cxd5 22.
Bg5 Bc5+ 23. Kh1 d4 24. Ne4 Nxe4 25. fxe4 f6 26. Bh4 Rxe4 27. Bf2 Qe8 28. Qd3 f5 29. Qxa6 Re6 30. Qc4 Rcc6 31.
Qd3 Red6 32. Bg3 Rd7 33. Qf3 Qe6 34. Re1 Qf6 35. Be5 Qe6 36. Bxd4 Qd5 37. Qxd5+ Rxd5 38. Bxc5 Rdxc5 39. Rxc5 Rxc5 40.
h3 Rc2 41. Ra1 Kf7 42. Kh2 Ke6 43. b4 Rb2 44. a3 Kd5 45. Kg3 Kc4 46. Rf1 1-0



[ePGN "0.1;DGT LiveChess/2.2.6"]

[Event "MČR juniorů a juniorek v rapid šachu 2024"]
[Site "Hotel Fit Fun, Harrachov, Czech Republic"]
[Date "2024.09.22"]
[Round "8.31"]
[White "Kopecka Libuse"]
[Black "Zadrapova Gabriela"]
[Result "1-0"]
[TimeControl "20+5"]
[WhiteFideId "23748826"]
[BlackFideId "23753056"]
[WhiteElo "1496"]
[BlackElo "1456"]

1. e4 e5 2. Nf3 Nc6 3. Nc3 Nf6 4. Bb5 Bb4 5. Bxc6 dxc6 6.
d3 O-O 7. Nxe5 Qd4 8. Nf3 Qc5 9. Be3 Bxc3+ 10. bxc3 Qxc3+ 11. Bd2 Qc5 12. O-O Bg4 13. Rb1 b6 14. Bb4 Qh5 15. Bxf8 Rxf8 16. Re1 Nd7 17. h3 Bxf3 18.
Qxf3 Qa5 19. Qf5 Nc5 20. d4 Ne6 21. Qxa5 bxa5 22. d5 cxd5 23. exd5 Nd4 24. c3 Nf5 25. Rb7 Ra8 26. Rxa7 Rd8 27. Rxc7 h6 28. Rc5 Ra8 29.
Rd1 Kf8 30. d6 Rd8 31. Rxf5 g6 32. Rxa5 Rd7 33. Rc5 Kg7 34. Rc7 Rd8 35. d7 1-0



[ePGN "0.1;DGT LiveChess/2.2.6"]

[Event "MČR juniorů a juniorek v rapid šachu 2024"]
[Site "Hotel Fit Fun, Harrachov, Czech Republic"]
[Date "2024.09.22"]
[Round "8.32"]
[White "Boff Vojtech"]
[Black "Kopecka Anna"]
[Result "1-0"]
[TimeControl "20+5"]
[WhiteFideId "23733969"]
[BlackFideId "23767740"]
[WhiteElo "1719"]
[BlackElo "1431"]

1. d4 d5 2. Nf3 e6 3. c4 c5 4. cxd5 exd5 5. Nc3 Nf6 6. Bg5 Be7 7. dxc5 Bxc5 8. Bxf6 Qxf6 9. Qxd5 Qc6 10.
Qxc6+ Nxc6 11. e3 O-O 12. Be2 Bg4 13. O-O Rad8 14. Rfd1 Rd6 15. Ne4 Rxd1+ 16. Rxd1 Bb6 17. h3 Bh5 18.
Nd6 Na5 19. b4 Nc6 20. a3 Nd8 21. Nc4 Bc7 22. Rd7 Ne6 23. Kf1 Rd8 24. Rxd8+ Nxd8 25. Nd4 Bxe2+ 26. Kxe2 Kf8 27. Nb5 Bb8 28.
Kd3 Ke7 29. Nd4 Kf6 30. g3 g6 31. Ke4 Ne6 32. Nxe6 Kxe6 33. Na5 b6 34. Nc6 f5+ 35. Kd4 Bc7 36. Nxa7 Be5+ 37. Kd3 Kd5 38.
Nb5 Kc6 39. Nc3 1-0



[ePGN "0.1;DGT LiveChess/2.2.6"]

[Event "MČR juniorů a juniorek v rapid šachu 2024"]
[Site "Hotel Fit Fun, Harrachov, Czech Republic"]
[Date "2024.09.22"]
[Round "8.33"]
[White "Jun Rostislav"]
[Black "Martinkovicova Nela"]
[Result "1-0"]
[TimeControl "20+5"]
[WhiteFideId "23719524"]
[BlackFideId "23715596"]
[WhiteElo "1641"]
[BlackElo "1446"]

1. e4 e5 2. d4 exd4 3. Qxd4 Nc6 4. Qe3 g6 5. Nc3 Bg7 6. Bd2 Nge7 7. O-O-O O-O 8. f4 d5 9. exd5 Nxd5 10.
Qg3 Nb6 11. Nf3 Bf5 12. Nh4 Qf6 13. Nxf5 Qxf5 14. Bd3 Qd7 15. a3 Rfe8 16. f5 Rac8 17. h4 Ne5 18. fxg6 Nxd3+ 19. cxd3 fxg6 20.
h5 Qd6 21. Qh3 a6 22. g4 Re7 23. g5 gxh5 24. Ne4 Qe6 25. Qxh5 Qg6 26. Qh4 Qc6+ 27. Kb1 Re5 28. Qxh7+ Kf8 29.
Rhf1+ 1-0



[ePGN "0.1;DGT LiveChess/2.2.6"]

[Event "MČR juniorů a juniorek v rapid šachu 2024"]
[Site "Hotel Fit Fun, Harrachov, Czech Republic"]
[Date "2024.09.22"]
[Round "8.34"]
[White "Vondra Filip"]
[Black "Dufkova Tereza"]
[Result "1/2-1/2"]
[TimeControl "20+5"]
[WhiteFideId "23725176"]
[BlackFideId "23744383"]
[WhiteElo "1598"]
[BlackElo "1601"]

1. e4 d5 2. exd5 Nf6 3. Bb5+ Bd7 4.
Be2 Nxd5 5. d4 Bf5 6. Nc3 Nxc3 7. bxc3 e6 8. Nf3 Bd6 9. O-O Nd7 10. c4 c6 11. c5 Bc7 12. Bg5 f6 13.
Be3 Qe7 14. Qd2 Qf7 15. Rab1 Rb8 16. Bf4 e5 17. Bg3 h5 18. Nh4 1/2-1/2



[ePGN "0.1;DGT LiveChess/2.2.6"]

[Event "MČR juniorů a juniorek v rapid šachu 2024"]
[Site "Hotel Fit Fun, Harrachov, Czech Republic"]
[Date "2024.09.22"]
[Round "8.35"]
[White "Macova Marketa"]
[Black "Horvath Michal"]
[Result "1-0"]
[TimeControl "20+5"]
[WhiteFideId "23715588"]
[WhiteElo "1587"]
[BlackElo "1000"]

1. e4 c6 2. d4 d5 3. exd5 cxd5 4.
Bd3 Nc6 5. Nf3 Bg4 6. c3 e6 7. Bf4 Nf6 8. Nbd2 Be7 9. O-O O-O 10. Qc2 h6 11. Rfe1 Rc8 12. h3 Bxf3 13. Nxf3 Nb4 14.
Qd2 Nxd3 15. Qxd3 Ne4 16. Ne5 Bd6 17.
Qe3 f6 18. Ng6 Bxf4 19. Qxf4 Re8 20. h4 Qb6 21. Re2 e5 22. dxe5 fxe5 23. Nxe5 Rf8 24. Qe3 Qxe3 25. Rxe3 Nxf2 26.
Ng6 Rf7 27. Ne7+ Rxe7 28. Rxe7 Ne4 29. Rxb7 a5 30. Rf1 Nd6 31. Rd7 Ne8 32. Rxd5 Rb8 33. b3 Nf6 34. Rxa5 1-0



[ePGN "0.1;DGT LiveChess/2.2.6"]

[Event "MČR juniorů a juniorek v rapid šachu 2024"]
[Site "Hotel Fit Fun, Harrachov, Czech Republic"]
[Date "2024.09.22"]
[Round "8.36"]
[White "Musil Tomas"]
[Black "Taborska Aneta"]
[Result "1-0"]
[TimeControl "20+5"]
[WhiteFideId "23762888"]
[BlackFideId "23733039"]
[WhiteElo "1519"]
[BlackElo "1582"]

1. e4 d5 2. exd5 Qxd5 3. d4 Nc6 4. c4 Qxd4 5. Qxd4 Nxd4 6. Bd3 Be6 7. b3 O-O-O 8. Ne2 Nxe2 9. Bxe2 g6 10.
Bb2 Nf6 11. O-O Bg7 12. Nc3 h5 13. Rfd1 Bf5 14. Nb5 Rxd1+ 15. Rxd1 Kb8 16. Be5 a6 17. Nxc7 Ka7 18. Bd4+ Kb8 19.
Be5 Ka7 20. b4 Bh6 21. b5 axb5 22. cxb5 Rg8 23. Bd4+ Kb8 24. b6 Bf4 25. Nb5 Bd7 26. Nc3 Rd8 27. g3 Bd6 28. Bxf6 exf6 29.
Rxd6 Kc8 30. Nd5 f5 31. Ne7+ Kb8 32. Bb5 1-0



[ePGN "0.1;DGT LiveChess/2.2.6"]

[Event "MČR juniorů a juniorek v rapid šachu 2024"]
[Site "Hotel Fit Fun, Harrachov, Czech Republic"]
[Date "2024.09.22"]
[Round "8.4"]
[White "Markina Sofiia"]
[Black "Slaby Matej"]
[Result "1/2-1/2"]
[TimeControl "20+5"]
[WhiteFideId "23744014"]
[BlackFideId "23734876"]
[WhiteElo "1885"]
[BlackElo "1948"]

1. e4 d5 2. exd5 Qxd5 3.
Nc3 Qd6 4. d4 Nf6 5. Nf3 Bg4 6.
Be3 Nc6 7. Be2 Bxf3 8. Bxf3 O-O-O 9. Ne2 e5 10. Bxc6 Qxc6 11. O-O Bc5 12. c3 exd4 13. cxd4 Bd6 14. Rc1 Qd5 15. Nf4 Qf5 16.
Qf3 g5 17. Ne2 Qxf3 18. gxf3 g4 19. Bg5 gxf3 20. Ng3 Nd5 21. Bxd8 Rxd8 22. Nf5 Bf4 23. Rc5 Rg8+ 24. Ng3 c6 25.
Re1 h5 26. Kf1 h4 27. Rxd5 cxd5 28. Nf5 Rg2 29. Nxh4 Rxh2 30. Nxf3 Rh1+ 31. Ke2 Rxe1+ 32. Kxe1 Kd7 33. Ke2 Ke6 34. Kd3 Kf5 35. b3 b5 36.
b4 Bd6 37. a3 Kf4 38. Ke2 Kg4 39. Ke3 Bf4+ 40.
Ke2 Kf5 41. Kd3 Bc1 42. Ne5 Bxa3 43. Nc6 a6 44. Kc3 Ke4 45. Nb8 Bxb4+ 46. Kxb4 Kxd4 47. Nxa6 Ke4 48. Nc7 d4 49. Nxb5 d3 50.
Kc3 Kf3 51. Kxd3 Kxf2 52. Ke4 f5+ 53. Kxf5 1/2-1/2



[ePGN "0.1;DGT LiveChess/2.2.6"]